 Dungeon Sprint DCSS version 0.21-a0-216-g6d3fd91 (webtiles) character file.

1539 Kidiri the Thaumaturge (level 8, -16/47 (48) HPs)
             Began as a Deep Elf Fire Elementalist on Aug 23, 2017.
             Was a Priest of Vehumet.
             Demolished by a two-headed ogre
             ... wielding a +0 giant club
              (37 damage)
             ... in the Dungeon (Sprint III: "The Ten Rune Challenge").
             The game lasted 00:08:19 (1167 turns).

Kidiri the Thaumaturge (Deep Elf Fire Elementalist) Turns: 1167, Time: 00:08:21

HP:   -16/47 (48)   AC:  2    Str:  5    XL:     8   Next: 56%
MP:   7/28          EV: 17    Int: 23    God:    Vehumet [***...]
Gold: 31            SH:  0    Dex: 17    Spells: 12/35 levels left

rFire    . . .     SeeInvis .   s - +3 dagger (venom)
rCold    . . .     Gourm    .   (no shield)
rNeg     . . .     Faith    .   a - +0 robe
rPois    .         Spirit   .   (no helmet)
rElec    .         Reflect  .   (no cloak)
rCorr    .         Harm     .   (no gloves)
MR       .....     Clarity  +   (no boots) Stlth ++........NoTele +
                                (no amulet)
HPRegen  0.15/turn              (no ring)
MPRegen  0.21/turn              (no ring)

@: no status effects
A: agile 1, blink, clarity, sturdy frame 1
a: Blink, Renounce Religion


You were in the Dungeon.
You worshipped Vehumet.
Vehumet was most pleased with you.
You were not hungry.

You visited 1 branch You collected 31 gold pieces.

Inventory:

Hand Weapons
 s - a +3 dagger of venom (weapon)
Armour
 a - a +0 robe (worn)
Scrolls
 i - a scroll of blinking
 j - a scroll of fog
 m - a scroll of holy word {unknown}
 n - a scroll of random uselessness {unknown}
 o - 3 scrolls of remove curse
 r - a scroll of immolation {unknown}
Potions
 d - 3 potions of curing
 e - 4 potions of heal wounds
 f - a potion of haste
 g - 2 potions of magic
 h - 2 potions of berserk rage
 l - a potion of mutation
 q - 2 potions of flight {unknown}
Comestibles
 b - a chunk of flesh
 c - a bread ration
 p - 2 royal jellies
 t - 2 fruits


   Skills:
 + Level 4.2 Fighting
 + Level 5.1 Short Blades
 + Level 4.2 Armour
 + Level 6.7 Dodging
 - Level 2.4 Stealth
 * Level 14.1 Spellcasting
 + Level 8.7 Conjurations
 + Level 9.2 Fire Magic
 + Level 2.0 Air Magic
 + Level 0.7 Earth Magic
 + Level 2.6 Poison Magic


You had 12 spell levels left.
You knew the following spells:

 Your Spells              Type           Power        Failure   Level  Hunger
a - Flame Tongue          Conj/Fire      #####        1%          1    None
b - Throw Flame           Conj/Fire      ######       1%          2    None
c - Conjure Flame         Conj/Fire      ######..     1%          3    None
d - Inner Flame           Hex/Fire       #####...     1%          3    None
e - Sticky Flame          Conj/Fire      ######..     1%          4    None
f - Fireball              Conj/Fire      ######....   1%          5    ###....
g - Shock                 Conj/Air       ####         1%          1    None
h - Stone Arrow           Conj/Erth      #####.       1%          3    None
i - Sting                 Conj/Pois      ####         1%          1    None


Dungeon Overview and Level Annotations

Branches:
Dungeon (1/1)

Altars:
Cheibriados
Dithmenos
Elyvilon
Fedhas
Gozag
Hepliaklqana
Kikubaaqudgha
Makhleb
Nemelex Xobeh
Okawaru
Qazlal
Ru
Sif Muna
Trog
Uskayaw
Vehumet
Wu Jian
Xom
Yredelemnul
Zin
The Shining One
Beogh
Jiyva
Lugonu


Innate Abilities, Weirdness & Mutations

You are agile. (Dex +2)
You can translocate small distances at will.
You possess an exceptional clarity of mind.
Your movements are slightly less encumbered by armour. (ER -2)


Message History

The two-headed ogre closely misses you. x2
Unknown command.
Things that are here:
a giant spiked club; a giant club; 4 chunks of flesh Unknown command.
Casting: Sticky Flame
Confirm with . or Enter, or press ? or * to list all spells.
Okay, then.
Casting: Sticky Flame
Confirm with . or Enter, or press ? or * to list all spells.
Aiming: Sticky Flame
Press: ? - help, Shift-Dir - straight line, f - two-headed ogre
Aim: a two-headed ogre, wielding a giant club and a giant spiked club (lightly wounded)
The sticky flame hits the two-headed ogre.
The two-headed ogre is moderately wounded.
The two-headed ogre is covered in liquid flames!
The two-headed ogre burns!
The two-headed ogre hits you with a giant club!!!
Ouch! That really hurt!
You die...

.#..###+#+###+##
+#..#...)......#
#...'.⌠........#
#...#...######'#
....#.⌠.#__#...#+# ##
# ....#...#__#...#%%
.#.#
....#+###__#...##.#))
....#.):#__#...'##.#
....#___#__+...#@O.#
▓▓▓▓▓▓▓▓▓▓▓▓▓▓▓▓▓▓▓▓


You could see a two-headed ogre (burning).

Vanquished Creatures
  A deep elf mage (D)
  A shadow (D)
  A spatial vortex (D)
  A necrophage (D)
  3 two-headed ogres (D)
  A water elemental (D)
  A scorpion (D)
  A jelly (D)
  A wizard (D)
  Jessica (D)
  A necromancer (D)
  A kobold demonologist (D)
  3 humans (D)
  An ooze (D)
  2 rats (D)
20 creatures vanquished.

Vanquished Creatures (others)
  2 draconian scorchers (D)
  2 yaktaurs (D)
  6 hellions (D)
10 creatures vanquished.

Grand Total: 30 creatures vanquished

Notes
Turn   | Place    | Note
-------+----------+-------------------------------------------
     0 | D        | Kidiri the Deep Elf Fire Elementalist began the quest for the Orb.
     0 | D        | Reached XP level 1. HP: 10/10 MP: 6/6
    41 | D        | Reached skill level 4 in Spellcasting
    68 | D        | Killed a yaktaur
    86 | D        | Noticed Jessica
    95 | D        | Killed Jessica
    95 | D        | Reached skill level 6 in Spellcasting
    95 | D        | Reached XP level 2. HP: 15/15 MP: 2/11
    95 | D        | Reached XP level 3. HP: 19/19 MP: 2/12
    98 | D        | Killed a hellion
    99 | D        | Learned a level 2 spell: Throw Flame
   100 | D        | Killed a hellion
   103 | D        | Learned a level 3 spell: Conjure Flame
   107 | D        | Learned a level 3 spell: Inner Flame
   108 | D        | Killed a white draconian scorcher
   114 | D        | Killed a hellion
   124 | D        | Killed a hellion
   134 | D        | Killed a white draconian scorcher
   163 | D        | Killed a yaktaur
   170 | D        | Killed a hellion
   192 | D        | Killed a hellion
   238 | D        | Reached skill level 7 in Spellcasting
   238 | D        | Reached skill level 5 in Fire Magic
   300 | D        | Noticed a scorpion
   304 | D        | Killed a scorpion
   304 | D        | Reached skill level 8 in Spellcasting
   304 | D        | Reached XP level 4. HP: 23/24 MP: 9/16
   312 | D        | Learned a level 4 spell: Sticky Flame
   330 | D        | Gained mutation: Your movements are slightly less encumbered by armour. (ER -2) [potion of mutation]
   330 | D        | Gained mutation: You possess an exceptional clarity of mind. [potion of mutation]
   330 | D        | Gained mutation: You are agile. (Dex +2) [potion of mutation]
   330 | D        | Gained mutation: You can translocate small distances at will. [potion of mutation]
   350 | D        | Noticed a water elemental
   353 | D        | Killed a water elemental
   353 | D        | Reached skill level 10 in Spellcasting
   353 | D        | Reached skill level 5 in Conjurations
   353 | D        | Reached XP level 5. HP: 28/28 MP: 10/19
   368 | D        | Learned a level 5 spell: Fireball
   406 | D        | Found a radiant altar of Vehumet.
   407 | D        | Found a deep blue altar of Sif Muna.
   407 | D        | Found an ancient bone altar of Kikubaaqudgha.
   421 | D        | Became a worshipper of Vehumet
   426 | D        | HP: 1/28 [poisoned by a kobold demonologist]
   638 | D        | Found a glowing silver altar of Zin.
   639 | D        | Found a glowing golden altar of the Shining One.
   639 | D        | Found a white marble altar of Elyvilon.
   639 | D        | Noticed a deep elf mage
   652 | D        | Killed a deep elf mage
   652 | D        | Reached skill level 5 in Dodging
   652 | D        | Reached skill level 12 in Spellcasting
   652 | D        | Reached XP level 6. HP: 29/36 MP: 18/23
   652 | D        | Reached XP level 7. HP: 32/40 MP: 19/25
   711 | D        | Found an ornate altar of the Wu Jian Council.
   711 | D        | Found a roughly hewn altar of Beogh.
   711 | D        | Found an iron altar of Okawaru.
   711 | D        | Found a bloodstained altar of Trog.
   711 | D        | Found a hide-covered altar of Uskayaw.
   711 | D        | Noticed a human
   714 | D        | Killed a human
   714 | D        | Reached skill level 13 in Spellcasting
   722 | D        | Killed a human
   722 | D        | Reached * piety under Vehumet
   722 | D        | Offered knowledge of Sting by Vehumet.
   739 | D        | Learned a level 1 spell: Sting
   827 | D        | Found a basalt altar of Yredelemnul.
   827 | D        | Found a shadowy altar of Dithmenos.
   827 | D        | Found a sacrificial altar of Ru.
   838 | D        | Reached XP level 8. HP: 41/47 MP: 19/27
   882 | D        | Reached ** piety under Vehumet
   882 | D        | Offered knowledge of Shock by Vehumet.
   882 | D        | Reached skill level 1 in Poison Magic
   886 | D        | Learned a level 1 spell: Shock
   903 | D        | Reached skill level 1 in Air Magic
   989 | D        | Found a blossoming altar of Fedhas.
   989 | D        | Found a stormy altar of Qazlal.
   989 | D        | Found a snail-covered altar of Cheibriados.
   989 | D        | Found a burning altar of Makhleb.
   989 | D        | Found a shimmering altar of Xom.
   990 | D        | Found a hazy altar of Hepliaklqana.
   990 | D        | Found an opulent altar of Gozag.
   990 | D        | Found a sparkling altar of Nemelex Xobeh.
   990 | D        | Found a corrupted altar of Lugonu.
   990 | D        | Found a viscous altar of Jiyva.
  1144 | D        | Offered knowledge of Stone Arrow by Vehumet.
  1144 | D        | Reached skill level 5 in Short Blades
  1144 | D        | Reached skill level 14 in Spellcasting
  1144 | D        | Reached *** piety under Vehumet
  1151 | D        | Learned a level 3 spell: Stone Arrow
  1162 | D        | Noticed a two-headed ogre
  1167 | D        | Demolished by a two-headed ogre

Vault maps used:
D:        dungeon_sprint_mu

Skill      XL: |  1  2  3  4  5  6  7  8 |
---------------+-------------------------+-----
Spellcasting   | 6 8 10 12 13 14 | 14.1
Conjurations   | 3 4 5 7 8 |  8.7
Fire Magic     | 4 5 6 8 9 |  9.2
Fighting       | 2 3 4 |  4.2
Short Blades   | 3 4 5 |  5.1
Armour         | 2 3 4 |  4.2
Dodging        | 5 6 |  6.7
Poison Magic   | 2 |  2.6
Air Magic      | 2 |  2.0
Stealth        | |  2.4
Earth Magic    | |  0.7

Action                   |  1- 3 |  4- 6 |  7- 9 || total
-------------------------+-------+-------+-------++-------
Melee: Unarmed           |     1 |       |       ||     1
       Dagger            |       |     1 |       ||     1
 Cast: Flame Tongue      |    21 |     6 |    51 ||    78
       Throw Flame       |     1 |       |     2 ||     3
       Conjure Flame     |       |     1 |     3 ||     4
       Sticky Flame      |       |     3 |     3 ||     6
       Fireball          |       |       |     2 ||     2
       Stone Arrow       |       |       |     2 ||     2
       Inner Flame       |       |       |     1 ||     1
  Use: Scroll            |       |     2 |       ||     2
       Potion            |       |     2 |       ||     2
  Eat: Chunk             |       |       |     1 ||     1
Armor: Robe              |     1 |       |       ||     1
Dodge: Dodged            |     7 |     1 |     4 ||    12

Table legend:
 A = Spawn XP
 B = Non-spawn XP
 C = Spawn XP percentage of total XP
 D = Spawn monster count
 E = Non-spawn monster count
 F = Spawn count percentage of total count
 G = Total turns spent on level
                    A         B        C        D         E        F      G
               +---------+---------+-------+---------+---------+-------+---------
         Total |       0 |    2199 |   0.0 |       0 |      20 |   0.0 |  1167
               +---------+---------+-------+---------+---------+-------+---------
             D |       0 |    2199 |   0.0 |       0 |      20 |   0.0 |  1167
               +---------+---------+-------+---------+---------+-------+---------
